 Dungeon Crawl Stone Soup version 0.27-a0-836-gfc908b8576 (webtiles) character file.

Game seed: 14046764210637501638

133 Aviak the Insei (level 5, -17/39 HPs)
             Began as a Djinni Transmuter on Mar 31, 2021.
             Demolished by an ogre
             ... wielding a +0 giant spiked club
              (29 damage)
             ... on level 4 of the Dungeon.
             The game lasted 00:03:53 (4231 turns).

Aviak the Insei (Djinni Transmuter)                 Turns: 4231, Time: 00:03:54

Health: -17/39     AC:  2    Str:  9    XL:     5   Next: 16%
Gold:   48         EV: 21    Int: 15    God:
                   SH:  0    Dex: 19

rFire    . . .     SeeInvis +     - Unarmed
rCold    . . .     Faith    .   (shield currently unavailable)
rNeg     . . .     Spirit   .   (armour currently unavailable)
rPois    ∞         Reflect  .   (helmet currently unavailable)
rElec    .         Harm     .   (cloak currently unavailable)
rCorr    .         Rampage  .   (gloves currently unavailable)
Will     .....                  (boots unavailable)
Stlth    ++........             (no amulet)
HPRegen  0.13/turn              Z - ring of see invisible
MPRegen  0.00/turn              (no ring)

@: spider-form, flying
A: venomous fangs, flying, tiny, (fire resistance 2), (cold vulnerability 1),
float, innate caster, hp casting, extra vitality 1
a: End Transformation


You were on level 4 of the Dungeon.
You were a venomous arachnid creature.
You visited 1 branch of the dungeon, and saw 4 of its levels.

You collected 48 gold pieces.

Inventory:

Armour
 a - a +0 robe (melded)
 k - a +1 cloak of stealth (melded)
Magical Staves
 e - a staff of air {rElec}
Jewellery
 Z - a ring of see invisible (left front leg)
Scrolls
 b - a scroll of identify {unknown}
 d - a scroll of magic mapping {unknown}
 i - a scroll of enchant weapon {unknown}
 j - a scroll of teleportation {unknown}
 l - a scroll of amnesia {unknown}
 m - a scroll of enchant armour {unknown}
Potions
 c - 3 potions of curing {unknown}
 f - a potion of brilliance {unknown}
 g - a potion of magic {unknown}
 h - a potion of heal wounds {unknown}
 n - a potion of might {unknown}


   Skills:
 + Level 2.4 Fighting
 + Level 3.3 Dodging
 + Level 3.8 Unarmed Combat
 + Level 2.6 Spellcasting


You couldn't memorise any spells.
You knew the following spells:

 Your Spells              Type           Power      Damage    Failure   Level
a - Beastly Appendage     Tmut           18%        N/A       19%         1
b - Wereblood             Tmut           9%         N/A       26%         2
c - Spider Form           Tmut/Pois      4%         N/A       43%         3
d - Ice Form              Ice/Tmut       9%         N/A       77%         4
e - Hydra Form            Tmut           4%         N/A       97%         5
f - Summon Small Mammal   Summ           36%        N/A       19%         1
g - Swiftness             Air            9%         N/A       26%         2
Your spell library was empty.

Dungeon Overview and Level Annotations

Branches:
Dungeon (4/15)
 Temple: D:4-7

Altars:


Innate Abilities, Weirdness & Mutations

You are a venomous arachnid creature.
You have poisonous fangs.
You are tiny and dextrous.
You are flying.
Your spellcasting is less reliable in this form.
Your armour is entirely melded.
You are incapable of wielding weapons or throwing items.
You are immune to poison.
((Your flesh is very heat resistant. (rF++)))
((You are vulnerable to cold. (rC-)))
You float through the air rather than walking.
You learn spells naturally, not from books.
Your magical power is your life essence.
You have superior vitality. (+4 HP)


Message History

You start resting.
Your transformation has ended.
Your +1 cloak of stealth unmelds from your body.
Your +0 robe unmelds from your body.
You feel stealthy.
You start resting.
HP restored.
You start waiting.
Done waiting.
Casting: Spider Form (quite dangerous; 22% risk of failure)
Confirm with . or Enter, or press ? or * to list all spells.
The spell is quite dangerous to cast (22% risk of failure)!
Continue anyway?
You miscast Spider Form.
You are very lightly contaminated with residual magic.
You feel incredibly sick. You resist.
Casting: Spider Form (quite dangerous; 22% risk of failure)
Confirm with . or Enter, or press ? or * to list all spells.
Okay, then.
You start resting.
Your magical contamination has completely faded away.
Casting: Spider Form (quite dangerous; 22% risk of failure)
Confirm with . or Enter, or press ? or * to list all spells.
The spell is quite dangerous to cast (22% risk of failure)!
Continue anyway?
You turn into a venomous arachnid creature.
Your +1 cloak of stealth melds into your body.
Your +0 robe melds into your body.
You feel less stealthy.
You fly downwards.
The ogre hits you with a +0 giant spiked club!!
Ouch! That really hurt!
There is a stone staircase leading up here.
You completely miss the ogre. The ogre completely misses you.
You bite the ogre!
The ogre is moderately wounded.
You hit the ogre but do no damage.
The ogre is poisoned.
The ogre is moderately wounded.
The ogre misses you.
You hit the ogre.
The ogre is heavily wounded.
The ogre hits you with a +0 giant spiked club!!
Ouch! That really hurt!
You die...

#.###.. #. ..##.# #.
#.##.# #.##.##.#
#.......# ........# #
#.#..##.# #
#.###.#.<##.#####
.......#.JOs.....###
#.##..#.###.###....
#.......###.......#
...####........#####.#
#...........###
#.####.####.# #...b..#
#####O.# #..# ####.


You could see an ogre (very poisoned) and an endoplasm.

Vanquished Creatures
  Crazy Yiuf (D:2)
  An iguana (D:3)
  An adder (D:3)
  A worm (D:3)
  2 dart slugs
  7 endoplasms
  2 giant cockroaches
  10 hobgoblins
  3 jackals (D:2)
  A quokka (D:2)
  8 ball pythons
  6 bats
  2 frilled lizards
  4 goblins
  8 kobolds
  2 rats
59 creatures vanquished.

Notes
Turn   | Place    | Note
-------+----------+-------------------------------------------
     0 | D:1      | Aviak the Djinni Transmuter began the quest for the Orb.
     0 | D:1      | Reached XP level 1. HP: 17/17 MP: 0/0
   692 | D:1      | Reached XP level 2. HP: 13/22 MP: 0/0
  1526 | D:2      | Reached XP level 3. HP: 19/27 MP: 0/0
  1526 | D:2      | Learned a level 1 spell: Summon Small Mammal
  2143 | D:2      | Found a faded altar of an unknown god.
  2365 | D:2      | Found a runed translucent door.
  2366 | D:2      | Noticed Crazy Yiuf
  2736 | D:2      | Killed Crazy Yiuf
  2737 | D:2      | Reached XP level 4. HP: 19/33 MP: 0/0
  3211 | D:3      | Reached XP level 5. HP: 36/39 MP: 0/0
  3211 | D:3      | Learned a level 2 spell: Swiftness
  3997 | D:4      | Noticed an ogre
  4231 | D:4      | Demolished by an ogre

Illustrated notes

Levels and vault maps discovered:
D:1:      dpeg_arrival_boxorama, layout_basic
D:2:      layout_basic, chequers_ecumenical_altar_lobes, chequers_arboretum,
          uniq_crazy_yiuf_cottage
D:3:      layout_basic
D:4:      layout_loops_cross, serial_shops, nicolae_shop_stone, uniq_grinder

Skill      XL: |  1  2  3 |
---------------+----------+-----
Spellcasting   | 2 |  2.6
Fighting       | 2 |  2.4
Dodging        | 3 |  3.3
Unarmed Combat | |  3.8

Action                   |  1- 3 |  4- 6 || total
-------------------------+-------+-------++-------
Melee: Unarmed           |   131 |    52 ||   183
       Headbutt          |    17 |       ||    17
 Cast: Beastly Appendage |    22 |       ||    22
       Wereblood         |     1 |       ||     1
       Spider Form       |     1 |    13 ||    14
       Summon Small Mamm |       |     6 ||     6
 Stab: Sleeping          |     2 |     2 ||     4
Armor: Robe              |    29 |     5 ||    34
       Skin              |       |     1 ||     1
Dodge: Dodged            |   100 |    40 ||   140

Table legend: (Time is in decaauts)
 A = Elapsed time spent in this place.
 B = Non-inter-level travel time spent in this place.
 C = Inter-level travel time spent in this place.
 D = Time resting spent in this place.
 E = Time spent auto-exploring this place.
 F = Levels seen in this place.
 G = Mean time per level.
                   A        B        C        D        E       F      G
               +--------+--------+--------+--------+--------+-----+--------+
         Total |   4219 |   4140 |     79 |    366 |   3287 |   4 | 1054.8 |
       Dungeon |   4219 |   4140 |     79 |    366 |   3287 |   4 | 1054.8 |
               +--------+--------+--------+--------+--------+-----+--------+

Top non-repeatable levels by time:
     D:1: 1510 daAuts
     D:2: 1383 daAuts
     D:3: 1270 daAuts
     D:4: 55 daAuts
